Map: Forteresse de fer EC

Players

Kireru - Winner!

  • Race: Terran Terran
  • League: Grandmaster

AgCl

  • Race: Protoss Protoss
  • League: Grandmaster

VOD

Have the link to the VOD?

Description

Time

  • Played on: June 15, 2015, 5:07 p.m.
  • Length: 9:42
Show
View Real Time Build Order
Export as new Build Order

Kireru Terran - Winner!

Build Orders: Reaper Expand, MMM Bio 

Get SALT Encoding   

  12  0:00  SCV  
  13  0:13  SCV  
  14  0:18  Supply Depot  
  14  0:25  SCV  
  15  0:31  Refinery  
  15  0:40  SCV  
  16  0:45  Barracks  
  16  0:52  SCV  
  18  1:04  SCV  
  18  1:19  SCV  
  19  1:32  Reaper  
  20  1:33  Orbital Command  
  20  1:45  Command Center  
  20  1:57  Bunker  
  20  1:59  SCV  
  20  2:08  Barracks Reactor  
  20  2:11  SCV  
  21  2:24  Supply Depot  
  21  2:35  Supply Depot  
  20  3:05  Marine  
  20  3:06  Marine  
  20  3:07  SCV  
  23  3:19  SCV  
  24  3:24  Marine  
  25  3:28  Orbital Command  
  25  3:31  SCV  
  25  3:33  Factory, Refinery  
  25  3:34  Factory  
  26  3:36  Barracks  
  26  3:37  Barracks  
  26  3:43  SCV  
  26  3:44  Marine x2  
  28  3:55  SCV  
  28  4:00  SCV  
  28  4:07  SCV  
  27  4:10  Marine x2  
  27  4:12  SCV  
  30  4:20  SCV  
  30  4:24  SCV  
  32  4:26  Barracks Reactor, Barracks Tech Lab  
  32  4:27  Marine  
  32  4:28  Factory Reactor  
  32  4:30  Starport  
  33  4:32  SCV  
  33  4:36  SCV  
  33  4:38  Marine  
  35  4:39  Refinery  
  35  4:44  SCV  
  35  4:45  Marauder  
  39  4:46  Stimpack  
  39  4:51  SCV  
  40  4:53  Widow Mine  
  40  4:57  SCV  
  40  4:59  Marine  
  43  5:00  Marine  
  43  5:03  SCV  
  43  5:06  Supply Depot  
  41  5:13  SCV  
  41  5:16  SCV  
  41  5:19  Medivac  
  44  5:22  Hellion x2  
  48  5:30  Widow Mine  
  51  5:35  SCV  
  51  5:37  SCV  
  51  5:41  Supply Depot  
  52  5:46  Marine x4  
  56  5:57  Marine  
  56  6:00  SCV x2  
  56  6:04  Marine x2  
  61  6:12  SCV x2  
  61  6:16  Marauder  
  65  6:24  SCV  
  66  6:32  Medivac  
  66  6:53  Marine x2  
  66  6:54  Marine x3  
  64  7:05  Widow Mine x3  
  61  7:11  Marine x4  
  61  7:12  Marauder  
  61  7:14  Starport Reactor  
  63  7:15  Combat Shields  
  63  7:27  Barracks  
  63  7:29  Marine x3  
  66  7:30  Refinery  
  66  7:34  Engineering Bay, Marauder  
  66  7:35  Engineering Bay  
  66  7:36  Marine  
  69  7:43  Supply Depot  
  69  7:44  Supply Depot x2  
  69  7:47  Factory Tech Lab, Marine  
  70  8:04  SCV x2, Medivac x2, Marine  
  81  8:05  Hellion x2  
  77  8:21  Marine x3  
  77  8:22  Marine x3  
  77  8:25  SCV x2  
  85  8:35  Medivac x2  
  85  8:37  SCV, Supply Depot  
  85  8:39  Marine x3  
  93  8:43  Command Center  
  93  8:45  Marine  
  94  8:48  Marine x2  
  92  8:57  Marine x2  
  92  8:59  SCV, Marine  
  96  9:03  Supply Depot  
  96  9:08  Marine x3  
  99  9:20  Marine x3  
Show
View Real Time Build Order
Export as new Build Order

AgCl Protoss 

Build Orders: Carrier Rush 

Get SALT Encoding   

  12  0:21  Assimilator  
  12  0:22  Probe  
  12  0:23  Pylon  
  13  0:43  Gateway, Probe (Chrono Boost)  
  14  0:55  Probe (Chrono Boost)  
  15  1:01  Probe (Chrono Boost)  
  16  1:13  Probe (Chrono Boost)  
  17  1:19  Pylon  
  17  1:24  Probe (Chrono Boost)  
  18  1:31  Probe (Chrono Boost)  
  19  1:33  Zealot (Chrono Boost)  
  21  1:42  Probe  
  22  1:54  Probe  
  23  2:02  Cybernetics Core  
  23  2:06  Probe (Chrono Boost)  
  24  2:10  Assimilator  
  24  2:18  Probe (Chrono Boost)  
  25  2:25  Probe (Chrono Boost)  
  25  2:38  Adept  
  27  2:48  Mothership Core (Chrono Boost)  
  27  2:50  Stargate  
  28  2:58  Pylon  
  30  3:18  Probe (Chrono Boost)  
  31  3:23  Nexus  
  30  3:27  Probe (Chrono Boost)  
  30  3:33  Fleet Beacon  
  28  3:35  Probe  
  29  3:47  Probe  
  30  3:59  Probe  
  29  4:11  Probe, Oracle (Chrono Boost)  
  33  4:23  Probe  
  32  4:25  Carrier (Chrono Boost)  
  32  4:34  Assimilator  
  32  4:35  Probe (Chrono Boost)  
  34  4:41  Probe (Chrono Boost)  
  34  4:45  Probe (Chrono Boost)  
  41  4:49  Assimilator  
  41  4:51  Probe (Chrono Boost)  
  41  4:52  Probe (Chrono Boost), Pylon  
  43  4:55  Warp Gate  
  44  5:01  Probe (Chrono Boost)  
  44  5:02  Probe (Chrono Boost)  
  45  5:11  Probe x2 (Chrono Boost)  
  47  5:23  Probe (Chrono Boost)  
  47  5:27  Probe (Chrono Boost)  
  49  5:31  Mothership Core (Chrono Boost)  
  49  5:35  Probe (Chrono Boost)  
  52  5:38  Graviton Catapult  
  52  5:41  Pylon  
  52  5:43  Carrier (Chrono Boost)  
  52  5:45  Probe (Chrono Boost)  
  52  5:48  Probe (Chrono Boost), Forge  
  54  6:00  Probe (Chrono Boost)  
  54  6:01  Probe (Chrono Boost)  
  56  6:07  Nexus  
  56  6:08  Pylon  
  56  6:09  Probe x2 (Chrono Boost)  
  64  6:17  Probe  
  65  6:18  Probe  
  66  6:30  Probe x2  
  67  6:42  Photon Cannon  
  67  6:48  Carrier (Chrono Boost)  
  59  6:55  Photon Cannon  
  51  7:16  Probe (Chrono Boost)  
  51  7:17  Probe (Chrono Boost)  
  52  7:26  Probe (Chrono Boost)  
  52  7:27  Stargate  
  52  7:29  Protoss Air Weapons Level 1 (Chrono Boost)  
  54  7:32  Probe (Chrono Boost)  
  54  7:34  Probe (Chrono Boost)  
  56  7:39  Probe (Chrono Boost)  
  56  7:43  Probe (Chrono Boost)  
  56  7:44  Probe (Chrono Boost)  
  58  7:45  Probe (Chrono Boost)  
  59  7:54  Probe (Chrono Boost)  
  59  7:57  Probe (Chrono Boost)  
  62  8:03  Probe (Chrono Boost)  
  62  8:04  Probe (Chrono Boost)  
  64  8:07  Probe (Chrono Boost)  
  64  8:09  Probe (Chrono Boost), Carrier (Chrono Boost)  
  66  8:28  Probe x2 (Chrono Boost)  
  66  8:33  Probe (Chrono Boost)  
  74  8:40  Probe (Chrono Boost)  
  76  8:47  Oracle (Chrono Boost)  
  80  8:49  Probe (Chrono Boost)  
  80  8:52  Probe x2 (Chrono Boost)  
  81  8:56  Assimilator  
  81  9:02  Probe (Chrono Boost)  
  82  9:03  Assimilator  
  82  9:10  Pylon  
  82  9:13  Pylon  
  82  9:19  Robotics Facility  
  82  9:23  Probe  
  83  9:29  Photon Cannon  
Tags
 
Add a new tag
Caveats
  • Supply blocks, unpowered buildings, or Contaminate may cause inaccurate times.
  • Supply counts are checked every 10 seconds.